 Dungeon Crawl Stone Soup version 0.21-a0-498-g1b60429 (webtiles) character file.

560 tidbits the Digger (level 7, -3/51 HPs)
             Began as a Gnoll Earth Elementalist on Nov 24, 2017.
             Slain by Sigmund
             ... wielding a +2 scythe of venom
              (10 damage)
             ... on level 6 of the Dungeon.
             The game lasted 00:09:27 (1354 turns).

tidbits the Digger (Gnoll Earth Elementalist)       Turns: 1354, Time: 00:09:28

Health: -3/51      AC:  3    Str: 15    XL:     7   Next: 31%
Magic:  12/15      EV: 15    Int: 23    God:
Gold:   200        SH:  0    Dex: 15    Spells: 11/17 levels left

rFire    . . .     SeeInvis .   t - +0 dagger (vamp)
rCold    . . .     Gourm    .   (no shield)
rNeg     . . .     Faith    .   B - +0 leather armour {rPois}
rPois    +         Spirit   .   (no helmet)
rElec    .         Reflect  .   (no cloak)
rCorr    .         Harm     .   (no gloves)
MR       .....                  (no boots)
Stlth    +++.......             (no amulet)
HPRegen  0.17/turn              w - +3 ring of intelligence
MPRegen  0.14/turn              (no ring)

@: mighty
A: distributed training, fangs 1, strong nose
a: no special abilities


You were on level 6 of the Dungeon.
You were not hungry.

You visited 1 branch of the dungeon, and saw 6 of its levels.

You collected 200 gold pieces.

Inventory:

Hand Weapons
 a - a +0 dagger
 j - a +0 hunting sling
 l - a +0 hand axe
 m - a +0 flail
 t - a +0 vampiric dagger (weapon)
   (You took it off an orc on level 4 of the Dungeon)
 C - a +0 hunting sling
Missiles
 p - 7 javelins (quivered)
 q - 34 bolts
 u - 3 tomahawks
 v - 21 sling bullets
 y - 34 stones
 D - 29 arrows
Armour
 c - a +0 robe
 n - a cursed +0 ring mail
 B - a +0 leather armour of poison resistance (worn)
   (You found it on level 1 of the Dungeon)
Jewellery
 w - a +3 ring of intelligence (left hand)
   (You found it on level 4 of the Dungeon)
Wands
 i - a wand of paralysis (13)
 z - a wand of digging (22)
Scrolls
 f - 2 scrolls of enchant armour {unknown}
 h - 4 scrolls of identify {unknown}
 o - a scroll of magic mapping {unknown}
 s - 4 scrolls of noise {unknown}
 E - a scroll of fear {unknown}
Potions
 b - a potion of lignification {unknown}
 k - a potion of degeneration {unknown}
 r - a potion of magic {unknown}
 x - a potion of haste {unknown}
 A - a potion of curing
 F - 2 potions of heal wounds {unknown}
Books
 e - a book of Geomancy

   Spells                             Type                      Level
   a - Sandblast                      Earth                        1
   b - Passwall                       Transmutation/Earth          2
   c - Stone Arrow                    Conjuration/Earth            3
   d - Petrify                        Transmutation/Earth          4
   e - Lee's Rapid Deconstruction     Earth                        5
Comestibles
 d - 2 bread rations


   Skills:
 + Level 2.3 Fighting
 + Level 2.3 Short Blades
 + Level 2.3 Long Blades
 + Level 2.3 Axes
 + Level 2.3 Maces & Flails
 + Level 2.3 Polearms
 + Level 2.3 Staves
 + Level 2.3 Slings
 + Level 2.3 Bows
 + Level 2.3 Crossbows
 + Level 2.3 Throwing
 + Level 2.3 Armour
 + Level 5.2 Dodging
 + Level 4.8 Stealth
 + Level 2.3 Shields
 + Level 2.3 Unarmed Combat
 + Level 5.5 Spellcasting
 + Level 1.9 Conjurations
 + Level 1.9 Hexes
 + Level 1.9 Charms
 + Level 1.9 Summonings
 + Level 1.9 Necromancy
 + Level 1.9 Translocations
 + Level 2.9 Transmutations
 + Level 1.9 Fire Magic
 + Level 1.9 Ice Magic
 + Level 1.9 Air Magic
 + Level 5.8 Earth Magic
 + Level 1.9 Poison Magic
 + Level 2.6 Invocations
 + Level 2.3 Evocations


You had 11 spell levels left.
You knew the following spells:

 Your Spells              Type           Power        Failure   Level  Hunger
a - Sandblast             Erth           ####..       1%          1    None
s - Stone Arrow           Conj/Erth      ###...       7%          3    ##.....
w - Passwall              Tmut/Erth      ####......   2%          2    None


Dungeon Overview and Level Annotations

Branches:
Dungeon (6/15)
 Temple: D:4-7

Altars:
Fedhas
Ru
Sif Muna
Uskayaw
Xom

Annotations:
D:6 Sigmund


Innate Abilities, Weirdness & Mutations

Your experience applies equally to all skills.
You have very sharp teeth.
Your uncanny sense of smell can sniff out nearby items.


Message History

y - 34 stones
There is a stone staircase leading down here.
You see here an adder corpse.
You now have 182 gold pieces (gained 21).
Found a scroll labeled OSENOO LOQERARCH.
f - 2 scrolls labeled OSENOO LOQERARCH (gained 1) Magic restored.
Found a scroll labeled NUPIPU ZUTAQA.
Found a blossoming altar of Fedhas.
Found a sacrificial altar of Ru.
Casting: Sandblast
Confirm with . or Enter, or press ? or * to list all spells.
Which direction?
You begin to meditate on the wall.
You continue meditating on the rock. x2
You finish merging with the rock.
There is a stone staircase leading up here.
You see here a mace.
Found 18 gold pieces.
You now have 200 gold pieces (gained 18).
Found a club.
Casting: Passwall
Confirm with . or Enter, or press ? or * to list all spells.
Which direction?
This rock feels extremely deep.
Unknown command.
Casting: Passwall
Confirm with . or Enter, or press ? or * to list all spells.
Which direction?
Something is blocking your path through the rock.
Unknown command.
Found 2 purple potions.
Sigmund and a skeleton come into view.
Sigmund is wielding a scythe of venom.
Found a leatherbound book.
A shadow imp comes into view.
Sigmund shouts!
You see here 2 purple potions.
F - 2 purple potions A crimson imp comes into view.
Casting: Passwall
Confirm with . or Enter, or press ? or * to list all spells.
Aiming: Stone Arrow
Press: ? - help, Shift-Dir - straight line, f - Sigmund
Aim: Sigmund, wielding a scythe of venom and wearing a robe The stone arrow misses Sigmund.
The crimson imp shouts!
The crimson imp blinks!
Sigmund casts a spell at you.
You are confused.
Sigmund barely misses you.
You bump into the rock wall.
The shadow imp shouts, "Admit defeat, thou pox-marked doghearted pot-faker!"
Sigmund hits you from afar with a scythe of venom!
You bump into the rock wall.
The shadow imp gestures at you. Pain shoots through your body!
The bullfrog skeleton hits you. Sigmund misses you.
You bump into the rock wall.
The bullfrog skeleton hits you.
The crimson imp blinks!
Sigmund gestures at you while chanting.
You are more confused.
You barely miss the bullfrog skeleton.
The bullfrog skeleton barely misses you.
The bullfrog skeleton hits you. Sigmund hits you but does no damage.
You feel very mighty all of a sudden.
The bullfrog skeleton hits you but does no damage.
Sigmund hits you with a scythe of venom.
You puncture the shadow imp!
You kill the shadow imp!
The bullfrog skeleton closely misses you.
You're too confused to move!
The bullfrog skeleton barely misses you.
Sigmund completely misses you. The crimson imp barely misses you.
The bullfrog skeleton misses you. Sigmund closely misses you.
The crimson imp hits you but does no damage.
You bump into the rock wall.
The bullfrog skeleton misses you.
The crimson imp blinks!
The bullfrog skeleton closely misses you.
You feel less confused.
Sigmund hits you from afar with a scythe of venom!
* * * LOW HITPOINT WARNING * * *
You are poisoned.
The bullfrog skeleton closely misses you.
You hit the bullfrog skeleton.
The bullfrog skeleton is lightly damaged.
You feel sick. The bullfrog skeleton hits you.
* * * LOW HITPOINT WARNING * * *
Sigmund hits you from afar with a scythe of venom!
* * * LOW HITPOINT WARNING * * *
You feel better. The bullfrog skeleton hits you.
* * * LOW HITPOINT WARNING * * *
You barely miss the bullfrog skeleton.
The bullfrog skeleton is lightly damaged.
The bullfrog skeleton hits you!
* * * LOW HITPOINT WARNING * * *
Sigmund asks, "Do you like me?"
Sigmund hits you from afar with a scythe of venom!
You die...

########### .........@#
........Z.######
.......@..5.....
.............###
.......#.###.#############
.........................#
.......#.#####..########..
#######..# ##..)# ### ∆
#.... ###.#


You could see Sigmund, a crimson imp and a bullfrog skeleton.

Vanquished Creatures
  Menkaure (D:4)
  The ghost of esteth the Digger, an amateur GrEE (D:3)
  2 scorpions (D:5)
  A crimson imp (D:5)
  3 orc wizards
  A centaur skeleton (D:4)
  2 worker ants
  4 adders
  A shadow imp (D:6)
  An adder skeleton (D:4)
  A worm (D:2)
  A leopard gecko (D:2)
  6 orcs
  3 giant cockroaches
  2 goblins (D:1)
  3 hobgoblins
  2 quokkas
  2 bats (D:1)
  2 frilled lizards (D:1)
  A kobold (D:1)
  A rat (D:1)
41 creatures vanquished.

Notes
Turn   | Place    | Note
-------+----------+-------------------------------------------
     0 | D:1      | tidbits the Gnoll Earth Elementalist began the quest for the Orb.
     0 | D:1      | Reached XP level 1. HP: 13/13 MP: 6/6
    34 | D:1      | Reached skill level 2 in Transmutations
   161 | D:2      | Reached XP level 2. HP: 19/19 MP: 4/7
   165 | D:2      | Learned a level 2 spell: Passwall
   342 | D:4      | Reached skill level 5 in Spellcasting
   342 | D:4      | Reached skill level 1 in Invocations
   342 | D:4      | Reached XP level 3. HP: 21/25 MP: 4/9
   344 | D:4      | Reached skill level 1 in Fighting
   344 | D:4      | Reached skill level 1 in Short Blades
   344 | D:4      | Reached skill level 1 in Long Blades
   344 | D:4      | Reached skill level 1 in Axes
   344 | D:4      | Reached skill level 1 in Maces & Flails
   344 | D:4      | Reached skill level 1 in Polearms
   344 | D:4      | Reached skill level 1 in Staves
   344 | D:4      | Reached skill level 1 in Slings
   344 | D:4      | Reached skill level 1 in Bows
   344 | D:4      | Reached skill level 1 in Crossbows
   344 | D:4      | Reached skill level 1 in Throwing
   344 | D:4      | Reached skill level 1 in Armour
   344 | D:4      | Reached skill level 1 in Shields
   344 | D:4      | Reached skill level 1 in Unarmed Combat
   344 | D:4      | Reached skill level 1 in Evocations
   352 | D:4      | Reached XP level 4. HP: 16/32 MP: 1/11
   403 | D:4      | Reached skill level 1 in Conjurations
   403 | D:4      | Reached skill level 1 in Hexes
   403 | D:4      | Reached skill level 1 in Charms
   403 | D:4      | Reached skill level 1 in Summonings
   403 | D:4      | Reached skill level 1 in Necromancy
   403 | D:4      | Reached skill level 1 in Translocations
   403 | D:4      | Reached skill level 1 in Fire Magic
   403 | D:4      | Reached skill level 1 in Ice Magic
   403 | D:4      | Reached skill level 1 in Air Magic
   403 | D:4      | Reached skill level 1 in Poison Magic
   403 | D:4      | Reached XP level 5. HP: 18/37 MP: 3/12
   408 | D:4      | Learned a level 3 spell: Stone Arrow
   447 | D:4      | Noticed Menkaure
   462 | D:4      | Killed Menkaure
   462 | D:4      | Reached skill level 2 in Invocations
   462 | D:4      | Reached XP level 6. HP: 18/44 MP: 13/13
   509 | D:3      | Found a hide-covered altar of Uskayaw.
   672 | D:3      | Noticed esteth's ghost (amateur GrEE)
   683 | D:3      | Killed esteth's ghost
   683 | D:3      | Reached skill level 2 in Fighting
   683 | D:3      | Reached skill level 2 in Short Blades
   683 | D:3      | Reached skill level 2 in Long Blades
   683 | D:3      | Reached skill level 2 in Axes
   683 | D:3      | Reached skill level 2 in Maces & Flails
   683 | D:3      | Reached skill level 2 in Polearms
   683 | D:3      | Reached skill level 2 in Staves
   683 | D:3      | Reached skill level 2 in Slings
   683 | D:3      | Reached skill level 2 in Bows
   683 | D:3      | Reached skill level 2 in Crossbows
   683 | D:3      | Reached skill level 2 in Throwing
   683 | D:3      | Reached skill level 2 in Armour
   683 | D:3      | Reached skill level 5 in Dodging
   683 | D:3      | Reached skill level 2 in Shields
   683 | D:3      | Reached skill level 2 in Unarmed Combat
   683 | D:3      | Reached skill level 2 in Evocations
   709 | D:3      | Found a deep blue altar of Sif Muna.
   951 | D:5      | Entered Level 5 of the Dungeon
  1086 | D:5      | Reached XP level 7. HP: 50/50 MP: 8/15
  1093 | D:5      | Found a shimmering altar of Xom.
  1264 | D:6      | Found a blossoming altar of Fedhas.
  1266 | D:6      | Found a sacrificial altar of Ru.
  1332 | D:6      | Noticed Sigmund
  1354 | D:6      | Slain by Sigmund

Vault maps used:
D:1:      dpeg_arrival_tiny_k, minivault_4
D:2:      first_bread, hangedman_decor_clover_reticule, uniq_crazy_yiuf_cottage
D:3:      old_standard_altar, minivault_5, nrook_loot_triangle,
          minmay_misc_feat_roman, tgw_sif
D:4:      lemuel_crystal_altar, uniq_menkaure
D:5:      kennysheep_big_flooded_room, lemuel_doored_altar,
          gammafunk_temple_overflow_elements, basic_altar
D:6:      grunt_temple_overflow_order_and_chaos_1,
          nicolae_overflow_hidden_temple, minmay_temple_entry_from_below_b,
          uniq_sigmund

Skill      XL: |  1  2  3  4  5  6 |
---------------+-------------------+-----
Transmutations | 2 |  2.9
Spellcasting   | 5 |  5.5
Invocations    | 1 2 |  2.6
Fighting       | 1 2 |  2.3
Short Blades   | 1 2 |  2.3
Long Blades    | 1 2 |  2.3
Axes           | 1 2 |  2.3
Maces & Flails | 1 2 |  2.3
Polearms       | 1 2 |  2.3
Staves         | 1 2 |  2.3
Slings         | 1 2 |  2.3
Bows           | 1 2 |  2.3
Crossbows      | 1 2 |  2.3
Throwing       | 1 2 |  2.3
Armour         | 1 2 |  2.3
Shields        | 1 2 |  2.3
Unarmed Combat | 1 2 |  2.3
Evocations     | 1 2 |  2.3
Conjurations   | 1 |  1.9
Hexes          | 1 |  1.9
Charms         | 1 |  1.9
Summonings     | 1 |  1.9
Necromancy     | 1 |  1.9
Translocations | 1 |  1.9
Fire Magic     | 1 |  1.9
Ice Magic      | 1 |  1.9
Air Magic      | 1 |  1.9
Poison Magic   | 1 |  1.9
Dodging        | 5 |  5.2
Stealth        | |  4.8
Earth Magic    | |  5.8

Action                   |  1- 3 |  4- 6 |  7- 9 || total
-------------------------+-------+-------+-------++-------
Melee: Dagger            |       |    51 |     4 ||    55
       Bite              |       |     6 |       ||     6
       Punch             |       |     1 |       ||     1
 Cast: Sandblast         |    19 |    12 |     5 ||    36
       Stone Arrow       |       |    16 |     3 ||    19
       Passwall          |       |       |     3 ||     3
  Use: Potion            |       |     3 |     2 ||     5
 Stab: Sleeping          |       |     1 |       ||     1
  Eat: Meat ration       |       |     1 |       ||     1
       Royal jelly       |       |     1 |       ||     1
Armor: Leather armour    |       |    11 |     3 ||    14
Dodge: Dodged            |     2 |    46 |    12 ||    60

Table legend:
 A = Spawn XP
 B = Non-spawn XP
 C = Spawn XP percentage of total XP
 D = Spawn monster count
 E = Non-spawn monster count
 F = Spawn count percentage of total count
 G = Total turns spent on level
                    A         B        C        D         E        F      G
               +---------+---------+-------+---------+---------+-------+---------
         Total |       0 |     801 |   0.0 |       0 |      41 |   0.0 |  1354
               +---------+---------+-------+---------+---------+-------+---------
           D:1 |       0 |      16 |   0.0 |       0 |      11 |   0.0 |   149
           D:2 |       0 |       8 |   0.0 |       0 |       2 |   0.0 |   211
           D:3 |       0 |     170 |   0.0 |       0 |       9 |   0.0 |   333
           D:4 |       0 |     347 |   0.0 |       0 |      11 |   0.0 |   273
           D:5 |       0 |     235 |   0.0 |       0 |       6 |   0.0 |   260
           D:6 |       0 |      25 |   0.0 |       0 |       2 |   0.0 |   128
               +---------+---------+-------+---------+---------+-------+---------

Table legend:
 A = Turns spent in this place as a percentage of turns spent in the entire game.
 B = Non-inter-level travel turns spent in this place as a percentage of non-inter-level travel turns spent in the entire game.
 C = Inter-level travel turns spent in this place as a percentage of turns spent in this place.
 D = Turns resting spent in this place as a percentage of non-inter-level travel turns spent in this place.
 E = Turns spent auto-exploring this place as a percentage of non-inter-level travel turns spent in this place.
 F = Non-inter-level travel turns spent in this place divided by the number of levels of this place that you've seen.
                   A       B       C       D       E      F
               +-------+-------+-------+-------+-------+----------------------
         Total | 100.0 | 100.0 |   0.0 |   0.0 |   0.0 | 225.7
       Dungeon | 100.0 | 100.0 |   0.0 |   0.0 |   0.0 | 225.7
               +-------+-------+-------+-------+-------+----------------------

Table legend:
 A = Kills in this place as a percentage of kills in entire the game.
 B = Kills by you in this place as a percentage of kills by you in the entire game.
 C = Kills by friends in this place as a percentage of kills by friends in the entire game.
 D = Other kills in this place as a percentage of other kills in the entire game.
 E = Experience gained in this place as a percentage of experience gained in the entire game.
 F = Experience gained in this place divided by the number of levels of this place that you have seen.
                   A       B       C       D       E      F
               +-------+-------+-------+-------+-------+----------------------
         Total | 100.0 | 100.0 |   N/A |   N/A | 100.0 | 133.5
       Dungeon | 100.0 | 100.0 |   N/A |   N/A | 100.0 | 133.5
               +-------+-------+-------+-------+-------+----------------------

Vault maps used:
D:1:      dpeg_arrival_tiny_k, minivault_4
D:2:      first_bread, hangedman_decor_clover_reticule, uniq_crazy_yiuf_cottage
D:3:      old_standard_altar, minivault_5, nrook_loot_triangle,
          minmay_misc_feat_roman, tgw_sif
D:4:      lemuel_crystal_altar, uniq_menkaure
D:5:      kennysheep_big_flooded_room, lemuel_doored_altar,
          gammafunk_temple_overflow_elements, basic_altar
D:6:      grunt_temple_overflow_order_and_chaos_1,
          nicolae_overflow_hidden_temple, minmay_temple_entry_from_below_b,
          uniq_sigmund
